Kings vs Stars
(R1)
Created - October 27, 2018 at 22:48
Goals
|
Kings |
2 |
3 |
1 |
6 |
Stars |
1 |
1 |
2 |
4 |
|
Shots
|
Kings |
20 |
12 |
11 |
43 |
Stars |
12 |
7 |
11 |
30 |
|
1st period
1. Stars , Michael Grabner 2 (John Tavares 3) at 1:35
2. Kings , Johnny Gaudreau 2 (Anze Kopitar 4, Patric Hornqvist 4) at 11:06 (PP)
3. Kings , Johnny Gaudreau 3 (Drew Doughty 7, Ramzi Abid 1) at 12:44
Penalties :
Drew Fata (Dal) for Interference (Minor) at 7:27, John Tavares (Dal) for Interference (Minor) at 10:56
2nd period
4. Kings , Anze Kopitar 5 (Patric Hornqvist 5) at 1:13 (PP)
5. Kings , Nino Niederreiter 2 (Drew Doughty 8, Jean-Gabriel Pageau 3) at 8:13
6. Kings , Johnny Gaudreau 4 (Trevor Daley 2, Patric Hornqvist 6) at 9:14 (PP)
7. Stars , Alex Chiasson 1 (Derek Boogaard 2, Johnny Oduya 2) at 16:36
Penalties :
Evgeny Grachev (Dal) for Slashing (Minor) at 0:22, Niklas Hjalmarsson (Dal) for Roughing (Minor) at 1:34, Brian Lee (Dal) for Hooking (Minor) at 9:00, Johnny Gaudreau (LAK) for Tripping (Minor) at 9:38, Radko Gudas (LAK) for Tripping (Minor) at 11:57, Dustin Penner (Dal) for Diving (Minor) at 14:23, Boris Valabik (Dal) for Tripping (Minor) at 16:58
3rd period
8. Stars , B.J. Crombeen 2 (Derek Boogaard 3, Brian Lee 5) at 1:02
9. Stars , B.J. Crombeen 3 (Drew Fata 6, Brian Lee 6) at 11:11
10. Kings , Valtteri Filppula 2 (Ramzi Abid 2, Nino Niederreiter 2) at 16:14
Penalties :
Evgeny Artyukhin (Dal) for Hooking (Minor) at 2:45, Brian Lee (Dal) for Roughing (Minor) at 13:03, Pierre-Marc Bouchard (LAK) for High sticking (Minor) at 16:19
Goalie Stats
Pascal Leclaire (LAK), 26 saves from 30 shots - (0.867), W, 1-0-1, 60:00 minutes
Jhonas Enroth (Dal), 37 saves from 43 shots - (0.860), L, 1-3-1, 60:00 minutes
Players Stats for Kings
Player Name G A P +/- PIM S H SB GA TA FO MP PP MP PK MP
------------------------------------------------------------------------------------
Anze Kopitar 1 1 2 -1 0 6 0 0 1 0 14/28 23:16 6:55 1:08
Cal Clutterbuck 0 0 0 -1 0 0 1 0 0 0 0/0 11:23 0:11 1:17
Drew Doughty 0 2 2 1 0 5 1 1 0 2 0/0 25:55 7:31 2:28
Guillaume Latendresse 0 0 0 1 0 1 1 0 1 0 3/8 20:48 6:00 3:33
Jean-Gabriel Pageau 0 1 1 1 0 2 2 0 0 0 2/7 15:43 5:38 0:22
Johnny Gaudreau 3 0 3 0 2 6 0 0 1 0 1/1 19:07 6:55 0:20
Jon Merrill 0 0 0 1 0 2 2 1 0 1 0/0 19:06 0:00 3:29
Karl Alzner 0 0 0 -2 0 0 1 1 0 1 0/0 23:03 5:38 3:29
Nikita Kucherov 0 0 0 0 0 2 1 1 0 0 0/1 4:29 0:53 0:00
Nino Niederreiter 1 1 2 1 0 2 1 1 0 0 0/1 11:57 1:06 0:00
Patric Hornqvist 0 3 3 0 0 3 0 1 1 1 0/0 18:20 7:06 0:00
Pierre-Marc Bouchard 0 0 0 -1 2 3 0 0 0 0 10/19 15:55 6:02 0:00
Radko Gudas 0 0 0 0 2 1 0 2 0 1 0/0 12:35 0:00 1:30
Ramzi Abid 0 2 2 -1 0 5 0 0 0 0 0/1 11:59 0:04 1:51
Scott Hartnell 0 0 0 -1 0 1 2 1 0 2 0/0 17:39 4:15 3:23
Staffan Kronwall 0 0 0 0 0 1 0 0 0 0 0/0 11:52 0:00 0:26
Trevor Daley 0 1 1 -2 0 0 1 1 0 1 0/0 21:03 7:31 0:32
Valtteri Filppula 1 0 1 -1 0 3 1 0 0 0 1/3 9:50 0:00 0:00
Players Stats for Stars
Player Name G A P +/- PIM S H SB GA TA FO MP PP MP PK MP
------------------------------------------------------------------------------------
Alex Chiasson 1 0 1 1 0 3 0 0 2 0 1/1 13:44 0:00 1:58
Antoine Vermette 0 0 0 2 0 0 0 1 0 0 9/19 18:21 2:40 6:59
B.J. Crombeen 2 0 2 2 0 4 1 0 1 0 0/0 12:22 0:01 4:23
Boris Valabik 0 0 0 -1 2 0 0 2 0 0 0/0 12:39 0:00 0:42
Brian Lee 0 2 2 1 4 2 1 1 1 1 0/0 27:10 4:00 6:09
Derek Boogaard 0 2 2 2 0 0 0 0 0 0 0/0 10:01 0:01 1:17
Drew Fata 0 1 1 2 2 2 2 0 1 0 0/0 24:37 4:00 4:00
Dustin Penner 0 0 0 -1 2 1 0 0 0 0 0/0 7:20 0:01 0:00
Evgeny Artyukhin 0 0 0 -1 2 0 0 0 0 0 0/0 7:29 0:00 0:00
Evgeny Grachev 0 0 0 -1 2 2 2 0 0 0 4/8 11:13 0:00 4:09
Ian White 0 0 0 0 0 1 2 0 1 0 0/0 17:30 1:57 3:46
John Tavares 0 1 1 -1 2 4 0 0 0 0 17/28 16:53 3:16 0:27
Johnny Oduya 0 1 1 1 0 0 1 3 2 0 0/0 18:31 1:57 4:31
Jussi Jokinen 0 0 0 -1 0 2 2 1 0 1 0/1 16:22 3:16 0:00
Michael Grabner 1 0 1 -1 0 2 1 0 0 0 0/0 24:01 3:16 7:05
Niklas Hjalmarsson 0 0 0 -1 2 1 1 2 1 1 0/0 19:47 0:00 7:10
Patrick Sharp 0 0 0 1 0 4 0 0 0 0 0/1 14:16 2:40 0:00
Tyler Seguin 0 0 0 1 0 2 2 0 0 1 7/11 14:26 2:40 0:00
3 Stars
1 - Johnny Gaudreau (LAK)
2 - B.J. Crombeen (Dal)
3 - Nino Niederreiter (LAK)
Power Play
Kings - 3 on 9 Attempt(s) - 33.33%
Stars - 0 on 3 Attempt(s) - 0.00%
Penalty Kill
Kings - 3 on 3 Attempt(s) - 100.00%
- Score 0 goal in Penalty Kill
Stars - 6 on 9 Attempt(s) - 66.67%
- Score 0 goal in Penalty Kill
Team Stat
Kings - Hits : 14 - Faceoff Wins : 31 - Blocked Shots : 10 - Penalty Minutes : 6
Stars - Hits : 15 - Faceoff Wins : 38 - Blocked Shots : 10 - Penalty Minutes : 18
Official
Referees : Unknown
Linesman : Unknown
Game Notes
Nikita Kucherov is injured at 16:32 of 1st period (Bruised Right Arm)
Johnny Gaudreau has scored a Hat Trick!
Finance
Level 1 -- Attendance: 6000 (100.00%) -- Ticket Income $432,000
Level 2 -- Attendance: 3640 (72.80%) -- Ticket Income $218,400
Level 3 -- Attendance: 1270 (63.50%) -- Ticket Income $63,500
Level 4 -- Attendance: 2458 (61.45%) -- Ticket Income $93,404
Luxury Box -- Attendance: 1000 (100.00%) -- Ticket Income $110,000
Game was played at the American Airlines Center.
Total Attendance: 14368 (79.82%)
Total Ticket Income: $917,304
Other Income: $137,596
Total Income: $1,054,900
Kings
5 vs 5 Forward
Center Left Wing Right Wing Time % Phy DF OF
1 Anze Kopitar Johnny Gaudreau Patric Hornqvist 30 1 1 3
2 Jean-Gabriel Pageau Guillaume Latendresse Nino Niederreiter 25 1 1 3
3 Pierre-Marc Bouchard Scott Hartnell Nikita Kucherov 25 1 2 2
4 Valtteri Filppula Ramzi Abid Cal Clutterbuck 20 1 3 1
5 vs 5 Defense
Defense Defense Time % Phy DF OF
1 Drew Doughty Jon Merrill 40 0 3 2
2 Karl Alzner Trevor Daley 35 1 3 1
3 Staffan Kronwall Radko Gudas 25 1 4 0
4 Drew Doughty Trevor Daley 0 1 2 2
PowerPlay Forward
Center Left Wing Right Wing Time % Phy DF OF
1 Anze Kopitar Johnny Gaudreau Patric Hornqvist 60 0 1 4
2 Pierre-Marc Bouchard Guillaume Latendresse Nikita Kucherov 40 0 1 4
PowerPlay Defense
Defense Defense Time % Phy DF OF
1 Drew Doughty Trevor Daley 60 0 2 3
2 Jean-Gabriel Pageau Karl Alzner 40 0 2 3
Penalty Kill 4 Players Forward
Center Wing Time % Phy DF OF
1 Guillaume Latendresse Scott Hartnell 60 0 4 1
2 Cal Clutterbuck Ramzi Abid 40 0 4 1
Penalty Kill 4 Players Defense
Defense Defense Time % Phy DF OF
1 Jon Merrill Karl Alzner 60 1 4 0
2 Radko Gudas Drew Doughty 40 1 4 0
Penalty Kill - 3 Players Forward
Forward Time % Phy DF OF
1 Anze Kopitar 60 1 4 0
2 Guillaume Latendresse 40 1 4 0
Penalty Kill - 3 Players Defense
Defense Defense Time % Phy DF OF
1 Drew Doughty Jon Merrill 60 0 5 0
2 Radko Gudas Karl Alzner 40 0 4 0
4 vs 4 Forward
Center Wing Time % Phy DF OF
1 Anze Kopitar Patric Hornqvist 60 1 2 2
2 Pierre-Marc Bouchard Guillaume Latendresse 40 1 2 2
4 vs 4 Defense
Defense Defense Time % Phy DF OF
1 Drew Doughty Karl Alzner 60 1 2 2
2 Trevor Daley Staffan Kronwall 40 1 2 2
Last Minutes Offensive
Center Left Wing Right Wing Defense Defense
Anze Kopitar Guillaume Latendresse Patric Hornqvist Drew Doughty Trevor Daley
Last Minutes Defensive
Center Left Wing Right Wing Defense Defense
Anze Kopitar Guillaume Latendresse Nino Niederreiter Drew Doughty Jon Merrill
Goaltenders
Starting : Pascal Leclaire
Backup : Jonathan Bernier
Extra Forwards
Normal : Anze Kopitar, Guillaume Latendresse, Scott Hartnell - PP : Scott Hartnell, Nino Niederreiter - PK : Anze Kopitar
Extra Defensemen
Normal : Drew Doughty, Staffan Kronwall, Karl Alzner - PP : Trevor Daley - PK : Trevor Daley, Staffan Kronwall
Penalty Shots
Anze Kopitar, Guillaume Latendresse, Patric Hornqvist, Nikita Kucherov, Drew Doughty
Scratches
Paul Martin (Healthy)
Stars
5 vs 5 Forward
Center Left Wing Right Wing Time % Phy DF OF
1 John Tavares Jussi Jokinen Michael Grabner 35 1 2 2
2 Tyler Seguin Patrick Sharp Alex Chiasson 28 1 2 2
3 Antoine Vermette Derek Boogaard B.J. Crombeen 22 1 2 2
4 Evgeny Grachev Dustin Penner Evgeny Artyukhin 15 1 2 2
5 vs 5 Defense
Defense Defense Time % Phy DF OF
1 Drew Fata Brian Lee 40 1 2 2
2 Ian White Johnny Oduya 30 1 2 2
3 Boris Valabik Niklas Hjalmarsson 30 1 2 2
4 Drew Fata Brian Lee 0 1 2 2
PowerPlay Forward
Center Left Wing Right Wing Time % Phy DF OF
1 John Tavares Jussi Jokinen Michael Grabner 60 0 1 4
2 Tyler Seguin Patrick Sharp Antoine Vermette 40 1 1 3
PowerPlay Defense
Defense Defense Time % Phy DF OF
1 Drew Fata Brian Lee 60 1 1 3
2 Ian White Johnny Oduya 40 1 1 3
Penalty Kill 4 Players Forward
Center Wing Time % Phy DF OF
1 Antoine Vermette Michael Grabner 60 1 2 2
2 Evgeny Grachev B.J. Crombeen 40 1 2 2
Penalty Kill 4 Players Defense
Defense Defense Time % Phy DF OF
1 Niklas Hjalmarsson Brian Lee 60 1 2 2
2 Drew Fata Johnny Oduya 40 1 2 2
Penalty Kill - 3 Players Forward
Forward Time % Phy DF OF
1 Antoine Vermette 60 1 2 2
2 Jussi Jokinen 40 1 2 2
Penalty Kill - 3 Players Defense
Defense Defense Time % Phy DF OF
1 Drew Fata Brian Lee 60 1 2 2
2 Niklas Hjalmarsson Boris Valabik 40 1 2 2
4 vs 4 Forward
Center Wing Time % Phy DF OF
1 John Tavares Jussi Jokinen 60 1 2 2
2 Tyler Seguin Antoine Vermette 40 1 2 2
4 vs 4 Defense
Defense Defense Time % Phy DF OF
1 Drew Fata Brian Lee 60 1 2 2
2 Niklas Hjalmarsson Boris Valabik 40 1 2 2
Last Minutes Offensive
Center Left Wing Right Wing Defense Defense
John Tavares Jussi Jokinen Michael Grabner Drew Fata Brian Lee
Last Minutes Defensive
Center Left Wing Right Wing Defense Defense
John Tavares Jussi Jokinen Michael Grabner Drew Fata Brian Lee
Goaltenders
Starting : Jhonas Enroth
Backup : Mike Brodeur
Extra Forwards
Normal : Derek Boogaard, Tyler Seguin, Alex Chiasson - PP : Derek Boogaard, Tyler Seguin - PK : Alex Chiasson
Extra Defensemen
Normal : Johnny Oduya, Niklas Hjalmarsson, Drew Fata - PP : Johnny Oduya - PK : Niklas Hjalmarsson, Ian White
Penalty Shots
John Tavares, Patrick Sharp, Tyler Seguin, Alex Chiasson, B.J. Crombeen
Scratches
None
% Time on Ice - Kings
Lines # - Real PCT - Wanted PCT - Time Play
Normal Forward
1 - 29% - 30% - 11:52
2 - 23% - 25% - 9:28
3 - 24% - 25% - 9:44
4 - 24% - 20% - 9:50
Normal Defense
1 - 39% - 40% - 15:47
2 - 36% - 35% - 14:46
3 - 25% - 25% - 10:21
4 - 0% - 0% - 0:00
PP Forward
1 - 53% - 60% - 6:55
2 - 47% - 40% - 6:14
PP Defense
1 - 57% - 60% - 7:31
2 - 43% - 40% - 5:38
PK Forward
1 - 78% - 60% - 4:40
2 - 22% - 40% - 1:17
PK Defense
1 - 59% - 60% - 3:29
2 - 41% - 40% - 2:28
PK3 Forward
1 - 0% - 60%
2 - 0% - 40%
PK3 Defense
1 - 0% - 60%
2 - 0% - 40%
44 Forward
1 - 0% - 60%
2 - 0% - 40%
44 Defense
1 - 0% - 60%
2 - 0% - 40%
Last Minute Offensive - 0:00
Last Minute Defensive - 0:00
Total
Forward - 60:00
Defense - 60:00
|
% Time on Ice - Stars
Lines # - Real PCT - Wanted PCT - Time Play
Normal Forward
1 - 35% - 35% - 14:28
2 - 28% - 28% - 11:39
3 - 19% - 22% - 7:45
4 - 17% - 15% - 7:02
Normal Defense
1 - 42% - 40% - 17:09
2 - 29% - 30% - 12:03
3 - 29% - 30% - 11:42
4 - 0% - 0% - 0:00
PP Forward
1 - 55% - 60% - 3:17
2 - 45% - 40% - 2:40
PP Defense
1 - 67% - 60% - 4:00
2 - 33% - 40% - 1:57
PK Forward
1 - 67% - 60% - 8:46
2 - 33% - 40% - 4:23
PK Defense
1 - 66% - 60% - 8:38
2 - 34% - 40% - 4:31
PK3 Forward
1 - 0% - 60%
2 - 0% - 40%
PK3 Defense
1 - 0% - 60%
2 - 0% - 40%
44 Forward
1 - 0% - 60%
2 - 0% - 40%
44 Defense
1 - 0% - 60%
2 - 0% - 40%
Last Minute Offensive - 0:00
Last Minute Defensive - 0:00
Total
Forward - 60:00
Defense - 60:00
|
Play by Play
1st period
0:01 of 1st period - John Tavares wins face-off versus Anze Kopitar in neutral zone.
0:29 of 1st period - Snap shot by Tyler Seguin.
0:29 of 1st period - Deflect By Alex Chiasson.
0:29 of 1st period - Shot Misses the Net.
0:29 of 1st period - Puck is out of play.
0:30 of 1st period - Tyler Seguin wins face-off versus Jean-Gabriel Pageau in Kings zone.
0:35 of 1st period - Snap shot by Patrick Sharp.
0:35 of 1st period - Stopped by Pascal Leclaire without a rebound.
0:36 of 1st period - Pierre-Marc Bouchard wins face-off versus Antoine Vermette in Kings zone.
0:41 of 1st period - Niklas Hjalmarsson is hit by Nikita Kucherov and loses puck.
0:48 of 1st period - Wrist shot by Scott Hartnell.
0:48 of 1st period - Shot Blocked by Niklas Hjalmarsson.
0:50 of 1st period - Slapshot by Trevor Daley.
0:50 of 1st period - Shot Blocked by Boris Valabik.
0:52 of 1st period - Slapshot by Karl Alzner.
0:52 of 1st period - Shot Blocked by Boris Valabik.
1:27 of 1st period - Slapshot by Drew Doughty.
1:27 of 1st period - Stopped by Jhonas Enroth without a rebound.
1:28 of 1st period - John Tavares wins face-off versus Anze Kopitar in Stars zone.
1:33 of 1st period - Snap shot by John Tavares.
1:33 of 1st period - Shot Misses the Net.
1:35 of 1st period - Snap shot by Michael Grabner.
1:35 of 1st period - Goal by Michael Grabner - Kings : 0 - Stars : 1.
1:36 of 1st period - Pierre-Marc Bouchard wins face-off versus Jussi Jokinen in neutral zone.
1:41 of 1st period - Snap shot by Pierre-Marc Bouchard.
1:41 of 1st period - Stopped by Jhonas Enroth without a rebound.
1:42 of 1st period - Pierre-Marc Bouchard wins face-off versus John Tavares in Stars zone.
1:43 of 1st period - Slapshot by Nikita Kucherov.
1:43 of 1st period - Stopped by Jhonas Enroth without a rebound.
1:44 of 1st period - Pierre-Marc Bouchard wins face-off versus John Tavares in Stars zone.
1:45 of 1st period - Snap shot by Scott Hartnell.
1:45 of 1st period - Stopped by Jhonas Enroth without a rebound.
1:46 of 1st period - Pierre-Marc Bouchard wins face-off versus John Tavares in Stars zone.
2:15 of 1st period - Snap shot by Nikita Kucherov.
2:15 of 1st period - Deflect By John Tavares.
2:15 of 1st period - Shot Misses the Net.
2:15 of 1st period - Puck is out of play.
2:16 of 1st period - Anze Kopitar wins face-off versus Tyler Seguin in Stars zone.
2:31 of 1st period - Snap shot by Patrick Sharp.
2:31 of 1st period - Shot Misses the Net.
2:41 of 1st period - Johnny Oduya is hit by Valtteri Filppula and loses puck.
2:50 of 1st period - Wrist shot by Valtteri Filppula.
2:50 of 1st period - Stopped by Jhonas Enroth with a rebound.
2:52 of 1st period - Backhand shot by Radko Gudas.
2:52 of 1st period - Stopped by Jhonas Enroth without a rebound.
2:53 of 1st period - Guillaume Latendresse wins face-off versus Evgeny Grachev in Stars zone.
3:22 of 1st period - Snap shot by Patric Hornqvist.
3:22 of 1st period - Shot Misses the Net.
3:24 of 1st period - Slapshot by Radko Gudas.
3:24 of 1st period - Shot Blocked by Brian Lee.
3:26 of 1st period - Slapshot by Radko Gudas.
3:26 of 1st period - Deflect By Patric Hornqvist.
3:26 of 1st period - Shot Misses the Net.
3:26 of 1st period - Puck is out of play.
3:27 of 1st period - Antoine Vermette wins face-off versus Ramzi Abid in Stars zone.
4:05 of 1st period - Michael Grabner is hit by Jean-Gabriel Pageau and loses puck.
4:25 of 1st period - Wrist shot by Alex Chiasson.
4:25 of 1st period - Deflect By Patrick Sharp.
4:25 of 1st period - Stopped by Pascal Leclaire without a rebound.
4:26 of 1st period - Evgeny Grachev wins face-off versus Pierre-Marc Bouchard in Kings zone.
4:35 of 1st period - Wrist shot by Nikita Kucherov.
4:35 of 1st period - Shot Hit the Post.
4:37 of 1st period - Slapshot by Pierre-Marc Bouchard.
4:37 of 1st period - Shot Misses the Net.
4:39 of 1st period - Slapshot by Jon Merrill.
4:39 of 1st period - Deflect By Evgeny Artyukhin.
4:39 of 1st period - Stopped by Jhonas Enroth with a rebound.
4:41 of 1st period - Wrist shot by Jon Merrill.
4:41 of 1st period - Stopped by Jhonas Enroth with a rebound.
5:13 of 1st period - Ian White is hit by Cal Clutterbuck and loses puck.
6:13 of 1st period - Radko Gudas is hit by Jussi Jokinen.
6:50 of 1st period - Snap shot by Guillaume Latendresse.
6:50 of 1st period - Stopped by Jhonas Enroth with a rebound.
6:56 of 1st period - Slapshot by Jean-Gabriel Pageau.
6:56 of 1st period - Stopped by Jhonas Enroth with a rebound.
6:58 of 1st period - Snap shot by Karl Alzner.
6:58 of 1st period - Deflect By Nino Niederreiter.
6:58 of 1st period - Shot Blocked by Johnny Oduya.
6:58 of 1st period - Puck is out of play.
6:59 of 1st period - Pierre-Marc Bouchard wins face-off versus Antoine Vermette in Stars zone.
7:00 of 1st period - Snap shot by Nikita Kucherov.
7:00 of 1st period - Stopped by Jhonas Enroth with a rebound.
7:04 of 1st period - Wrist shot by Nikita Kucherov.
7:04 of 1st period - Deflect By Pierre-Marc Bouchard.
7:04 of 1st period - Stopped by Jhonas Enroth without a rebound.
7:05 of 1st period - Antoine Vermette wins face-off versus Pierre-Marc Bouchard in Stars zone.
7:10 of 1st period - Karl Alzner is hit by B.J. Crombeen and loses puck.
7:27 of 1st period - Minor Penalty to Drew Fata for Interference.
7:28 of 1st period - Anze Kopitar wins face-off versus Antoine Vermette in Stars zone.
8:05 of 1st period - Slapshot by Drew Doughty.
8:05 of 1st period - Shot Blocked by Johnny Oduya.
9:27 of 1st period - Penalty to Drew Fata is over, Drew Fata is back on ice.
9:30 of 1st period - Michael Grabner is hit by Trevor Daley and loses puck.
9:41 of 1st period - Off-side.
9:42 of 1st period - Valtteri Filppula wins face-off versus Tyler Seguin in neutral zone.
10:13 of 1st period - Slapshot by Nino Niederreiter.
10:13 of 1st period - Stopped by Jhonas Enroth without a rebound.
10:14 of 1st period - Tyler Seguin wins face-off versus Guillaume Latendresse in Stars zone.
10:14 of 1st period - Tyler Seguin is hit by Guillaume Latendresse.
10:50 of 1st period - Snap shot by Johnny Gaudreau.
10:50 of 1st period - Shot Misses the Net.
10:52 of 1st period - Snap shot by Staffan Kronwall.
10:52 of 1st period - Deflect By Ian White.
10:52 of 1st period - Stopped by Jhonas Enroth without a rebound.
10:53 of 1st period - Anze Kopitar wins face-off versus John Tavares in Stars zone.
10:54 of 1st period - Slapshot by Johnny Gaudreau.
10:54 of 1st period - Stopped by Jhonas Enroth with a rebound.
10:56 of 1st period - Minor Penalty to John Tavares for Interference.
10:57 of 1st period - Anze Kopitar wins face-off versus Antoine Vermette in Stars zone.
10:58 of 1st period - Backhand shot by Patric Hornqvist.
10:58 of 1st period - Shot Misses the Net.
11:06 of 1st period - Snap shot by Johnny Gaudreau.
11:06 of 1st period - Goal by Johnny Gaudreau - Kings : 1 - Stars : 1.
11:07 of 1st period - Anze Kopitar wins face-off versus John Tavares in neutral zone.
12:21 of 1st period - Slapshot by Ian White.
12:21 of 1st period - Shot Misses the Net.
12:42 of 1st period - Wrist shot by Johnny Gaudreau.
12:42 of 1st period - Stopped by Jhonas Enroth with a rebound.
12:44 of 1st period - Snap shot by Johnny Gaudreau.
12:44 of 1st period - Goal by Johnny Gaudreau - Kings : 2 - Stars : 1.
12:45 of 1st period - Anze Kopitar wins face-off versus John Tavares in neutral zone.
13:41 of 1st period - Derek Boogaard is hit by Nino Niederreiter and loses puck.
14:20 of 1st period - Snap shot by Ian White.
14:20 of 1st period - Shot Blocked by Drew Doughty.
14:22 of 1st period - Slapshot by Johnny Oduya.
14:22 of 1st period - Shot Misses the Net.
14:24 of 1st period - Slapshot by Ian White.
14:24 of 1st period - Deflect By B.J. Crombeen.
14:24 of 1st period - Stopped by Pascal Leclaire without a rebound.
14:25 of 1st period - John Tavares wins face-off versus Pierre-Marc Bouchard in Kings zone.
14:54 of 1st period - Snap shot by Tyler Seguin.
14:54 of 1st period - Shot Misses the Net.
14:56 of 1st period - Slapshot by Ian White.
14:56 of 1st period - Shot Blocked by Patric Hornqvist.
14:58 of 1st period - Slapshot by Ian White.
14:58 of 1st period - Stopped by Pascal Leclaire with a rebound.
15:00 of 1st period - Snap shot by Johnny Oduya.
15:00 of 1st period - Shot Blocked by Radko Gudas.
16:00 of 1st period - Snap shot by Patrick Sharp.
16:00 of 1st period - Shot Blocked by Scott Hartnell.
16:02 of 1st period - Snap shot by Tyler Seguin.
16:02 of 1st period - Shot Misses the Net.
16:04 of 1st period - Slapshot by Brian Lee.
16:04 of 1st period - Stopped by Pascal Leclaire with a rebound.
16:06 of 1st period - Snap shot by Alex Chiasson.
16:06 of 1st period - Stopped by Pascal Leclaire without a rebound.
16:07 of 1st period - Antoine Vermette wins face-off versus Anze Kopitar in Kings zone.
16:16 of 1st period - Wrist shot by B.J. Crombeen.
16:16 of 1st period - Shot Hit the Post.
16:18 of 1st period - Wrist shot by Niklas Hjalmarsson.
16:18 of 1st period - Shot Misses the Net.
16:20 of 1st period - Slapshot by B.J. Crombeen.
16:20 of 1st period - Stopped by Pascal Leclaire without a rebound.
16:21 of 1st period - John Tavares wins face-off versus Pierre-Marc Bouchard in Kings zone.
16:26 of 1st period - Snap shot by John Tavares.
16:26 of 1st period - Stopped by Pascal Leclaire without a rebound.
16:27 of 1st period - John Tavares wins face-off versus Nikita Kucherov in Kings zone.
16:30 of 1st period - Snap shot by Jussi Jokinen.
16:30 of 1st period - Shot Misses the Net.
16:32 of 1st period - Slapshot by Niklas Hjalmarsson.
16:32 of 1st period - Shot Blocked by Nikita Kucherov.
16:32 of 1st period - Nikita Kucherov from Kings is injured at 16:32 of 1st period (Bruised Right Arm).
16:33 of 1st period - Anze Kopitar wins face-off versus John Tavares in Kings zone.
17:08 of 1st period - Wrist shot by Alex Chiasson.
17:08 of 1st period - Shot Blocked by Nino Niederreiter.
17:10 of 1st period - Snap shot by Niklas Hjalmarsson.
17:10 of 1st period - Stopped by Pascal Leclaire without a rebound.
17:11 of 1st period - Tyler Seguin wins face-off versus Pierre-Marc Bouchard in Kings zone.
17:24 of 1st period - Slapshot by Patrick Sharp.
17:24 of 1st period - Stopped by Pascal Leclaire with a rebound.
18:00 of 1st period - Snap shot by Ramzi Abid.
18:00 of 1st period - Stopped by Jhonas Enroth with a rebound.
18:02 of 1st period - Snap shot by Karl Alzner.
18:02 of 1st period - Shot Blocked by Johnny Oduya.
18:04 of 1st period - Snap shot by Ramzi Abid.
18:04 of 1st period - Stopped by Jhonas Enroth without a rebound.
18:05 of 1st period - Tyler Seguin wins face-off versus Valtteri Filppula in Stars zone.
18:50 of 1st period - Johnny Gaudreau is hit by Michael Grabner and loses puck.
19:21 of 1st period - Icing by Patric Hornqvist.
19:22 of 1st period - Tyler Seguin wins face-off versus Anze Kopitar in Kings zone.
19:29 of 1st period - Snap shot by Tyler Seguin.
19:29 of 1st period - Shot Misses the Net.
19:37 of 1st period - Snap shot by Alex Chiasson.
19:37 of 1st period - Stopped by Pascal Leclaire with a rebound.
Goals for this period are 2 for Kings vs 1 for Stars.
Shots for this period are 20 for Kings vs 12 for Stars.
2nd period
0:01 of 2nd period - Jean-Gabriel Pageau wins face-off versus Evgeny Grachev in neutral zone.
0:16 of 2nd period - Wrist shot by Jean-Gabriel Pageau.
0:16 of 2nd period - Shot Misses the Net.
0:22 of 2nd period - Minor Penalty to Evgeny Grachev for Slashing.
0:23 of 2nd period - Antoine Vermette wins face-off versus Anze Kopitar in Stars zone.
0:50 of 2nd period - Michael Grabner is hit by Drew Doughty.
0:59 of 2nd period - Off-side.
1:00 of 2nd period - Alex Chiasson wins face-off versus Anze Kopitar in neutral zone.
1:07 of 2nd period - Slapshot by Jean-Gabriel Pageau.
1:07 of 2nd period - Stopped by Jhonas Enroth without a rebound.
1:08 of 2nd period - Anze Kopitar wins face-off versus Antoine Vermette in Stars zone.
1:11 of 2nd period - Wrist shot by Patric Hornqvist.
1:11 of 2nd period - Shot Misses the Net.
1:13 of 2nd period - Wrist shot by Anze Kopitar.
1:13 of 2nd period - Goal by Anze Kopitar - Kings : 3 - Stars : 1.
1:14 of 2nd period - Pierre-Marc Bouchard wins face-off versus Patrick Sharp in neutral zone.
1:31 of 2nd period - Slapshot by Drew Doughty.
1:31 of 2nd period - Stopped by Jhonas Enroth without a rebound.
1:32 of 2nd period - John Tavares wins face-off versus Jean-Gabriel Pageau in Stars zone.
1:34 of 2nd period - Minor Penalty to Niklas Hjalmarsson for Roughing.
1:35 of 2nd period - Anze Kopitar wins face-off versus Antoine Vermette in Stars zone.
2:07 of 2nd period - Wrist shot by Pierre-Marc Bouchard.
2:07 of 2nd period - Shot Misses the Net.
2:09 of 2nd period - Slapshot by Pierre-Marc Bouchard.
2:09 of 2nd period - Shot Misses the Net.
3:20 of 2nd period - Evgeny Grachev is hit by Karl Alzner and loses puck.
3:34 of 2nd period - Penalty to Niklas Hjalmarsson is over, Niklas Hjalmarsson is back on ice.
4:08 of 2nd period - Icing by Patrick Sharp.
4:09 of 2nd period - Evgeny Grachev wins face-off versus Anze Kopitar in Stars zone.
4:59 of 2nd period - Snap shot by Antoine Vermette.
4:59 of 2nd period - Shot Misses the Net.
5:11 of 2nd period - Snap shot by Alex Chiasson.
5:11 of 2nd period - Deflect By Patrick Sharp.
5:11 of 2nd period - Shot Misses the Net.
5:11 of 2nd period - Puck is out of play.
5:12 of 2nd period - Jean-Gabriel Pageau wins face-off versus Tyler Seguin in Kings zone.
5:12 of 2nd period - Jean-Gabriel Pageau is hit by Drew Fata.
5:40 of 2nd period - Cal Clutterbuck is hit by Brian Lee and loses puck.
6:42 of 2nd period - Valtteri Filppula is hit by Ian White and loses puck.
7:03 of 2nd period - Slapshot by Jussi Jokinen.
7:03 of 2nd period - Stopped by Pascal Leclaire without a rebound.
7:04 of 2nd period - Johnny Gaudreau wins face-off versus Antoine Vermette in Kings zone.
7:51 of 2nd period - Off-side.
7:52 of 2nd period - John Tavares wins face-off versus Valtteri Filppula in neutral zone.
7:55 of 2nd period - Slapshot by Brian Lee.
7:55 of 2nd period - Shot Hit the Post.
8:01 of 2nd period - Slapshot by Drew Doughty.
8:01 of 2nd period - Stopped by Jhonas Enroth without a rebound.
8:02 of 2nd period - John Tavares wins face-off versus Jean-Gabriel Pageau in Stars zone.
8:11 of 2nd period - Snap shot by Nino Niederreiter.
8:11 of 2nd period - Shot Misses the Net.
8:13 of 2nd period - Snap shot by Nino Niederreiter.
8:13 of 2nd period - Goal by Nino Niederreiter - Kings : 4 - Stars : 1.
8:14 of 2nd period - John Tavares wins face-off versus Jean-Gabriel Pageau in neutral zone.
8:19 of 2nd period - Guillaume Latendresse is hit by Jussi Jokinen and loses puck.
8:28 of 2nd period - Snap shot by John Tavares.
8:28 of 2nd period - Stopped by Pascal Leclaire with a rebound.
8:30 of 2nd period - Slapshot by John Tavares.
8:30 of 2nd period - Stopped by Pascal Leclaire with a rebound.
9:00 of 2nd period - Minor Penalty to Brian Lee for Hooking.
9:01 of 2nd period - Anze Kopitar wins face-off versus Antoine Vermette in Stars zone.
9:04 of 2nd period - Wrist shot by Anze Kopitar.
9:04 of 2nd period - Stopped by Jhonas Enroth with a rebound.
9:06 of 2nd period - Wrist shot by Johnny Gaudreau.
9:06 of 2nd period - Stopped by Jhonas Enroth with a rebound.
9:08 of 2nd period - Backhand shot by Patric Hornqvist.
9:08 of 2nd period - Shot Misses the Net.
9:10 of 2nd period - Slapshot by Trevor Daley.
9:10 of 2nd period - Shot Misses the Net.
9:12 of 2nd period - Snap shot by Johnny Gaudreau.
9:12 of 2nd period - Shot Misses the Net.
9:14 of 2nd period - Slapshot by Trevor Daley.
9:14 of 2nd period - Deflect By Johnny Gaudreau.
9:14 of 2nd period - Goal by Johnny Gaudreau - Kings : 5 - Stars : 1.
9:15 of 2nd period - John Tavares wins face-off versus Anze Kopitar in neutral zone.
9:38 of 2nd period - Minor Penalty to Johnny Gaudreau for Tripping.
9:39 of 2nd period - Guillaume Latendresse wins face-off versus John Tavares in Kings zone.
11:38 of 2nd period - Penalty to Johnny Gaudreau is over, Johnny Gaudreau is back on ice.
11:40 of 2nd period - Ramzi Abid is hit by Drew Fata and loses puck.
11:47 of 2nd period - Snap shot by Dustin Penner.
11:47 of 2nd period - Stopped by Pascal Leclaire without a rebound.
11:48 of 2nd period - Evgeny Grachev wins face-off versus Pierre-Marc Bouchard in Kings zone.
11:54 of 2nd period - Slapshot by Evgeny Grachev.
11:54 of 2nd period - Deflect By Pierre-Marc Bouchard.
11:54 of 2nd period - Stopped by Pascal Leclaire without a rebound.
11:55 of 2nd period - Pierre-Marc Bouchard wins face-off versus Evgeny Grachev in Kings zone.
11:57 of 2nd period - Minor Penalty to Radko Gudas for Tripping.
11:58 of 2nd period - Guillaume Latendresse wins face-off versus John Tavares in Kings zone.
12:14 of 2nd period - Slapshot by Michael Grabner.
12:14 of 2nd period - Shot Misses the Net.
12:32 of 2nd period - Slapshot by Antoine Vermette.
12:32 of 2nd period - Shot Misses the Net.
12:44 of 2nd period - John Tavares is hit by Scott Hartnell and loses puck.
13:57 of 2nd period - Penalty to Radko Gudas is over, Radko Gudas is back on ice.
14:17 of 2nd period - Snap shot by Ramzi Abid.
14:17 of 2nd period - Stopped by Jhonas Enroth with a rebound.
14:23 of 2nd period - Minor Penalty to Dustin Penner for Diving.
14:24 of 2nd period - Antoine Vermette wins face-off versus Anze Kopitar in Stars zone.
14:33 of 2nd period - Snap shot by Johnny Gaudreau.
14:33 of 2nd period - Shot Misses the Net.
14:51 of 2nd period - Karl Alzner is hit by Niklas Hjalmarsson and loses puck.
16:21 of 2nd period - Drew Doughty is hit by Johnny Oduya and loses puck.
16:23 of 2nd period - Penalty to Dustin Penner is over, Dustin Penner is back on ice.
16:36 of 2nd period - Slapshot by Alex Chiasson.
16:36 of 2nd period - Goal by Alex Chiasson - Kings : 5 - Stars : 2.
16:37 of 2nd period - John Tavares wins face-off versus Anze Kopitar in neutral zone.
16:46 of 2nd period - Snap shot by Patric Hornqvist.
16:46 of 2nd period - Stopped by Jhonas Enroth with a rebound.
16:48 of 2nd period - Wrist shot by Anze Kopitar.
16:48 of 2nd period - Stopped by Jhonas Enroth with a rebound.
16:50 of 2nd period - Slapshot by Patric Hornqvist.
16:50 of 2nd period - Stopped by Jhonas Enroth with a rebound.
16:58 of 2nd period - Minor Penalty to Boris Valabik for Tripping.
16:59 of 2nd period - Anze Kopitar wins face-off versus Antoine Vermette in Stars zone.
18:58 of 2nd period - Penalty to Boris Valabik is over, Boris Valabik is back on ice.
19:52 of 2nd period - Slapshot by Evgeny Grachev.
19:52 of 2nd period - Shot Misses the Net.
19:54 of 2nd period - Wrist shot by Ian White.
19:54 of 2nd period - Deflect By Evgeny Grachev.
19:54 of 2nd period - Stopped by Pascal Leclaire without a rebound.
19:55 of 2nd period - Anze Kopitar wins face-off versus Evgeny Grachev in Kings zone.
Goals for this period are 3 for Kings vs 1 for Stars.
Shots for this period are 12 for Kings vs 7 for Stars.
3rd period
0:01 of 3rd period - John Tavares wins face-off versus Nino Niederreiter in neutral zone.
0:16 of 3rd period - John Tavares is hit by Jon Merrill and loses puck.
1:02 of 3rd period - Snap shot by B.J. Crombeen.
1:02 of 3rd period - Goal by B.J. Crombeen - Kings : 5 - Stars : 3.
1:03 of 3rd period - John Tavares wins face-off versus Anze Kopitar in neutral zone.
2:45 of 3rd period - Minor Penalty to Evgeny Artyukhin for Hooking.
2:46 of 3rd period - Anze Kopitar wins face-off versus Antoine Vermette in Stars zone.
3:01 of 3rd period - Slapshot by Drew Doughty.
3:01 of 3rd period - Shot Misses the Net.
3:38 of 3rd period - Off-side.
3:39 of 3rd period - Antoine Vermette wins face-off versus Anze Kopitar in neutral zone.
3:42 of 3rd period - Slapshot by Drew Fata.
3:42 of 3rd period - Stopped by Pascal Leclaire with a rebound.
4:45 of 3rd period - Penalty to Evgeny Artyukhin is over, Evgeny Artyukhin is back on ice.
6:08 of 3rd period - Snap shot by Cal Clutterbuck.
6:08 of 3rd period - Shot Blocked by Jussi Jokinen.
6:38 of 3rd period - Guillaume Latendresse is hit by Tyler Seguin.
9:12 of 3rd period - Slapshot by Trevor Daley.
9:12 of 3rd period - Shot Misses the Net.
9:35 of 3rd period - Trevor Daley is hit by Ian White and loses puck.
9:40 of 3rd period - Snap shot by Tyler Seguin.
9:40 of 3rd period - Stopped by Pascal Leclaire without a rebound.
9:41 of 3rd period - Antoine Vermette wins face-off versus Pierre-Marc Bouchard in Kings zone.
10:13 of 3rd period - John Tavares is hit by Jon Merrill and loses puck.
10:38 of 3rd period - Slapshot by Anze Kopitar.
10:38 of 3rd period - Stopped by Jhonas Enroth with a rebound.
11:07 of 3rd period - Wrist shot by Brian Lee.
11:07 of 3rd period - Shot Misses the Net.
11:09 of 3rd period - Slapshot by Drew Fata.
11:09 of 3rd period - Stopped by Pascal Leclaire with a rebound.
11:11 of 3rd period - Snap shot by B.J. Crombeen.
11:11 of 3rd period - Goal by B.J. Crombeen - Kings : 5 - Stars : 4.
11:12 of 3rd period - Anze Kopitar wins face-off versus John Tavares in neutral zone.
11:57 of 3rd period - Snap shot by Anze Kopitar.
11:57 of 3rd period - Stopped by Jhonas Enroth with a rebound.
11:59 of 3rd period - Slapshot by Drew Doughty.
11:59 of 3rd period - Stopped by Jhonas Enroth without a rebound.
12:00 of 3rd period - Tyler Seguin wins face-off versus Jean-Gabriel Pageau in Stars zone.
12:07 of 3rd period - Nino Niederreiter is hit by Tyler Seguin.
12:32 of 3rd period - Wrist shot by John Tavares.
12:32 of 3rd period - Shot Blocked by Karl Alzner.
12:34 of 3rd period - Wrist shot by Michael Grabner.
12:34 of 3rd period - Stopped by Pascal Leclaire without a rebound.
12:35 of 3rd period - Tyler Seguin wins face-off versus Pierre-Marc Bouchard in Kings zone.
12:36 of 3rd period - Wrist shot by Patrick Sharp.
12:36 of 3rd period - Stopped by Pascal Leclaire without a rebound.
12:37 of 3rd period - Pierre-Marc Bouchard wins face-off versus Tyler Seguin in Kings zone.
12:52 of 3rd period - Brian Lee is hit by Scott Hartnell.
13:03 of 3rd period - Minor Penalty to Brian Lee for Roughing.
13:04 of 3rd period - Antoine Vermette wins face-off versus Anze Kopitar in Stars zone.
13:15 of 3rd period - Slapshot by Drew Doughty.
13:15 of 3rd period - Stopped by Jhonas Enroth with a rebound.
13:17 of 3rd period - Slapshot by Trevor Daley.
13:17 of 3rd period - Shot Blocked by Antoine Vermette.
13:19 of 3rd period - Snap shot by Drew Doughty.
13:19 of 3rd period - Deflect By Anze Kopitar.
13:19 of 3rd period - Stopped by Jhonas Enroth with a rebound.
13:21 of 3rd period - Wrist shot by Patric Hornqvist.
13:21 of 3rd period - Stopped by Jhonas Enroth with a rebound.
13:35 of 3rd period - Slapshot by Trevor Daley.
13:35 of 3rd period - Shot Misses the Net.
13:37 of 3rd period - Slapshot by Drew Doughty.
13:37 of 3rd period - Shot Misses the Net.
13:39 of 3rd period - Slapshot by Guillaume Latendresse.
13:39 of 3rd period - Deflect By Pierre-Marc Bouchard.
13:39 of 3rd period - Stopped by Jhonas Enroth with a rebound.
13:41 of 3rd period - Wrist shot by Trevor Daley.
13:41 of 3rd period - Shot Blocked by Niklas Hjalmarsson.
14:20 of 3rd period - Patric Hornqvist is hit by Evgeny Grachev and loses puck.
14:26 of 3rd period - Icing by Drew Doughty.
14:27 of 3rd period - Evgeny Grachev wins face-off versus Anze Kopitar in Kings zone.
15:03 of 3rd period - Penalty to Brian Lee is over, Brian Lee is back on ice.
15:17 of 3rd period - Patrick Sharp is hit by Jean-Gabriel Pageau and loses puck.
16:14 of 3rd period - Wrist shot by Valtteri Filppula.
16:14 of 3rd period - Goal by Valtteri Filppula - Kings : 6 - Stars : 4.
16:15 of 3rd period - Antoine Vermette wins face-off versus Pierre-Marc Bouchard in neutral zone.
16:19 of 3rd period - Minor Penalty to Pierre-Marc Bouchard for High sticking.
16:20 of 3rd period - John Tavares wins face-off versus Guillaume Latendresse in Kings zone.
16:24 of 3rd period - Wrist shot by John Tavares.
16:24 of 3rd period - Shot Blocked by Jon Merrill.
17:03 of 3rd period - Off-side.
17:04 of 3rd period - John Tavares wins face-off versus Guillaume Latendresse in neutral zone.
17:11 of 3rd period - Slapshot by Brian Lee.
17:11 of 3rd period - Stopped by Pascal Leclaire without a rebound.
17:12 of 3rd period - John Tavares wins face-off versus Guillaume Latendresse in Kings zone.
17:17 of 3rd period - Wrist shot by Jussi Jokinen.
17:17 of 3rd period - Shot Misses the Net.
17:19 of 3rd period - Slapshot by Jussi Jokinen.
17:19 of 3rd period - Stopped by Pascal Leclaire without a rebound.
17:20 of 3rd period - John Tavares wins face-off versus Guillaume Latendresse in Kings zone.
17:31 of 3rd period - Wrist shot by John Tavares.
17:31 of 3rd period - Stopped by Pascal Leclaire with a rebound.
17:57 of 3rd period - Wrist shot by Ramzi Abid.
17:57 of 3rd period - Stopped by Jhonas Enroth with a rebound.
18:19 of 3rd period - Penalty to Pierre-Marc Bouchard is over, Pierre-Marc Bouchard is back on ice.
18:24 of 3rd period - Guillaume Latendresse is hit by Evgeny Grachev and loses puck.
18:31 of 3rd period - Slapshot by Dustin Penner.
18:31 of 3rd period - Shot Misses the Net.
18:33 of 3rd period - Slapshot by Evgeny Grachev.
18:33 of 3rd period - Shot Blocked by Radko Gudas.
19:01 of 3rd period - Slapshot by Niklas Hjalmarsson.
19:01 of 3rd period - Shot Blocked by Trevor Daley.
19:03 of 3rd period - Slapshot by Tyler Seguin.
19:03 of 3rd period - Stopped by Pascal Leclaire with a rebound.
19:13 of 3rd period - Wrist shot by Ramzi Abid.
19:13 of 3rd period - Stopped by Jhonas Enroth with a rebound.
19:15 of 3rd period - Snap shot by Valtteri Filppula.
19:15 of 3rd period - Stopped by Jhonas Enroth with a rebound.
19:22 of 3rd period - Icing by Jussi Jokinen.
19:23 of 3rd period - Pierre-Marc Bouchard wins face-off versus John Tavares in Stars zone.
Goals for this period are 1 for Kings vs 2 for Stars.
Shots for this period are 11 for Kings vs 11 for Stars.
Back to the Top